AoeStats
← Erickinio

Fortress

509766101Analyzed
4v4 RM · 4d ago on Sep 27, 2026· 80m 43s· 8 players
Game mode
Random Map
Map size
Huge
Population
200
Speed
Normal
Resources
Standard
Victory
Conquest
Starting age
Dark Age
Ending age
Imperial Age
RankedLock teamsTeams togetherTeam positionsShared explorationLock speedFull tech treeHidden civsTurbo modeCheats
Victory
Defeat
🇺🇸 Goths · United States
1075
+14
1041
+16
🇲🇽 Aztecs · Mexico
1036
+16
🇪🇨 Japanese · Ecuador
1032
+16
🇨🇳 Varangians · China
1101
-19
🇵🇪 Celts · Peru
1083
-18
🇵🇪 Persians · Peru
980
-13
🇦🇷 Celts · Argentina
960
-12
The Viper (Minus quick walls)
5:43 Loom
8:06 Feudal Age
13:08 Castle Age
12:26 Horse Collar
12:32 Double-Bit Axe
15:48 Fletching
19:31 Bow Saw
20:55 Wheelbarrow
21:47 Bodkin Arrow
23:12 Heavy Plow
29:38 Imperial Age
27:45 Padded Archer Armor
29:49 Leather Archer Armor
30:07 Hand Cart
29:55 Gold Mining
29:56 Stone Mining
30:22 Crossbowman
31:11 Arbalester
32:28 Ballistics
32:38 Thumb Ring
32:41 Town Watch
37:12 Chemistry
40:32 Ring Archer Armor
42:11 Town Patrol
76:40 Spies/Treason
78:03 Heavy Cavalry Archer
antonio35604
6:15 Feudal Age
11:30 Castle Age
10:07 Horse Collar
10:30 Double-Bit Axe
11:06 Stone Mining
13:08 Town Watch
14:19 Fletching
15:58 Wheelbarrow
15:10 Loom
17:00 Bodkin Arrow
18:52 Bow Saw
19:45 Heavy Plow
28:58 Imperial Age
30:10 Pikeman
30:50 Squires
31:03 Forging
35:37 Scale Mail Armor
39:43 Hand Cart
41:01 Stone Shaft Mining
42:21 Gold Mining
44:09 Conscription
62:37 Iron Casting
62:17 Chain Mail Armor
66:51 Gold Shaft Mining
67:27 Crop Rotation
70:13 Blast Furnace
70:07 Arson
73:23 Plate Mail Armor
72:54 Bracer
73:56 Garland Wars
77:57 Padded Archer Armor
77:44 Gambesons
77:19 Man-at-Arms
MonsterSmeat
0:58 Loom
6:58 Feudal Age
8:26 Double-Bit Axe
12:56 Castle Age
13:43 Forging
13:34 Scale Mail Armor
13:37 Anarchy
14:51 Squires
23:00 Pikeman
24:24 Horse Collar
31:10 Imperial Age
29:21 Wheelbarrow
29:02 Gold Mining
29:09 Elite Skirmisher
29:44 Fletching
29:55 Padded Archer Armor
31:19 Chain Mail Armor
33:10 Conscription
33:45 Iron Casting
33:43 Stone Mining
34:45 Elite Huskarl
35:33 Man-at-Arms
36:01 Long Swordsman
36:32 Two-Handed Swordsman
37:36 Halberdier
39:21 Blast Furnace
38:52 Champion
40:56 Perfusion
64:24 Scale Barding Armor
64:35 Leather Archer Armor
64:16 Bodkin Arrow
65:59 Husbandry
66:10 Bloodlines
65:27 Light Cavalry
66:58 Hussar
68:44 Chain Barding Armor
68:25 Bracer
68:56 Ring Archer Armor
69:08 Stone Shaft Mining
79:05 Caravan
79:36 Coinage
79:16 Guilds
80:37 Spies/Treason
Bry.D
6:04 Loom
8:34 Feudal Age
7:42 Loom
10:30 Wheelbarrow
13:35 Castle Age
12:30 Fletching
12:41 Stone Mining
12:46 Double-Bit Axe
14:22 Bodkin Arrow
18:02 Treadmill Crane
22:30 Yasama
23:08 Ballistics
26:27 Hand Cart
27:37 Town Watch
35:13 Gold Mining
39:27 Imperial Age
38:23 Forging
38:14 Scale Mail Armor
38:46 Horse Collar
39:21 Bow Saw
40:07 Iron Casting
40:21 Chain Mail Armor
40:09 Bracer
41:15 Chemistry
40:21 Siege Engineers
40:17 Onager
40:50 Capped Ram
41:51 Siege Engineers
41:51 Bracer
42:28 Conscription
42:32 Kataparuto
42:34 Conscription
42:45 Conscription
42:03 Pikeman
42:28 Arson
42:29 Gambesons
42:45 Squires
42:59 Halberdier
51:12 Husbandry
51:22 Bloodlines
50:33 Light Cavalry
54:21 Two-Man Saw
59:49 Thumb Ring
60:13 Parthian Tactics
59:09 Heavy Cavalry Archer
63:41 Caravan
66:20 Blast Furnace
65:25 Scale Barding Armor
73:49 Chain Barding Armor
74:02 Plate Mail Armor
77:07 Heavy Plow
1Timoteo2:11
7:16 Feudal Age
10:59 Castle Age
9:10 Double-Bit Axe
9:44 Horse Collar
16:02 Loom
17:35 Bow Saw
19:05 Gold Mining
19:48 Forging
19:06 Man-at-Arms
21:54 Gold Shaft Mining
21:27 Heavy Plow
23:10 Long Swordsman
24:27 Iron Casting
23:39 Arson
29:05 Imperial Age
27:12 Wheelbarrow
26:35 Stone Mining
28:40 Scale Mail Armor
29:38 Chain Mail Armor
29:13 Gambesons
29:25 Capped Ram
29:28 Two-Handed Swordsman
31:16 Siege Ram
33:04 Conscription
33:17 Plate Mail Armor
32:37 Heavy Scorpion
33:19 Loom
33:19 Town Watch
35:12 Furor Celtica
35:55 Champion
37:37 Blast Furnace
37:53 Chemistry
39:10 Siege Engineers
39:02 Murder Holes
39:27 Ballistics
38:59 Fletching
39:03 Stronghold
41:21 Pikeman
43:33 Guilds
42:55 Elite Woad Raider
51:38 Fortified Wall
54:04 Halberdier
2204528
6:44 Feudal Age
13:17 Castle Age
11:39 Double-Bit Axe
12:12 Horse Collar
18:28 Fletching
18:50 Forging
26:28 Bodkin Arrow
28:03 Murder Holes
29:34 Vendel Legacy
44:26 Fortified Wall
44:28 Masonry
45:37 Scale Mail Armor
45:48 Scale Barding Armor
45:56 Forging
50:10 Imperial Age
53:06 Imperial Age
52:26 Heavy Plow
53:38 Elite Jarl
54:39 Conscription
56:24 Wheelbarrow
56:00 Capped Ram
56:19 Gothikon
Erickinio
6:05 Loom
8:44 Feudal Age
9:23 Double-Bit Axe
14:29 Castle Age
12:59 Forging
16:10 Wheelbarrow
16:02 Bow Saw
19:43 Gambesons
23:21 Gold Mining
23:21 Stone Mining
24:25 Scale Mail Armor
26:59 Town Watch
27:15 Stronghold
27:22 Murder Holes
27:58 Pikeman
29:19 Hand Cart
29:21 Chain Mail Armor
29:05 Arson
28:46 Man-at-Arms
30:36 Iron Casting
30:24 Long Swordsman
31:07 Town Patrol
32:48 Fletching
33:33 Bodkin Arrow
33:38 Padded Archer Armor
34:17 Masonry
34:14 Caravan
36:00 Gold Shaft Mining
36:00 Stone Shaft Mining
38:21 Imperial Age
36:15 Ballistics
37:31 Leather Archer Armor
38:42 Onager
39:43 Conscription
40:27 Chemistry
40:27 Heavy Scorpion
41:39 Plate Mail Armor
42:59 Blast Furnace
42:10 Siege Engineers
43:09 Siege Onager
43:27 Two-Handed Swordsman
44:52 Halberdier
49:09 Champion
51:39 Furor Celtica
53:04 Ring Archer Armor
55:13 Elite Woad Raider
59:39 Elite Skirmisher
waltergriebenow
8:35 Feudal Age
7:50 Loom
11:32 Double-Bit Axe
14:48 Castle Age
15:24 Horse Collar
15:58 Bloodlines
20:05 Heavy Plow
23:46 Fletching
24:31 Bodkin Arrow
34:14 Wheelbarrow
34:54 Scale Barding Armor
34:59 Forging
35:48 Kamandaran
35:51 Padded Archer Armor
37:08 Iron Casting
36:16 Light Cavalry
37:20 Crossbowman
40:11 Thumb Ring
41:13 Elite Skirmisher
42:45 Ballistics
43:31 Chain Barding Armor
47:47 Imperial Age
47:07 Leather Archer Armor
47:25 Bow Saw
48:10 Husbandry
49:14 Chemistry
47:38 Capped Ram
49:06 Siege Ram
51:53 Hussar
54:20 Plate Barding Armor
54:11 Masonry
55:13 Two-Man Saw
54:28 Pikeman
55:09 Squires
55:11 Scale Mail Armor
55:41 Ring Archer Armor
56:43 Town Watch
57:16 Chain Mail Armor
59:21 Blast Furnace
57:58 Halberdier
63:34 Plate Mail Armor
Connection lost

Rejoining the realm…

Still unreachable

The connection could not be restored.

Session expired

The server has moved on; the page needs a fresh start.